TOP OF THE 1ST |
Trenton Stars batting - Pitching for Birmingham Barons : RHP Michael Young
|
Pitching: RHP Michael Young
|
|
Batting: SHB Nick Marshall
|
0-0: Swinging Strike 0-1: Called Strike 0-2: Strikes out swinging
|
Batting: RHB Chris Cole
|
0-0: Ball 1-0: Ball 2-0: Swinging Strike 2-1: Swinging Strike 2-2: Foul Ball, location: 2F 2-2: Fly out, F3 (Line Drive, 34)
|
Batting: RHB Rafael Canales
|
0-0: Ball 1-0: Swinging Strike 1-1: Ball 2-1: Foul Ball, location: 2F 2-2: Strikes out swinging
|
Top of the 1st over - 0 run(s), 0 hit(s), 0 error(s), 0 left on base; Trenton 0 - Birmingham 0 |
BOTTOM OF THE 1ST |
Birmingham Barons batting - Pitching for Trenton Stars : RHP Juan Aguilar
|
Pitching: RHP Juan Aguilar
|
|
Batting: LHB Al Gaines
|
0-0: Called Strike 0-1: Ball 1-1: Ball 2-1: Ground out 5-3 (Groundball, 56S)
|
Batting: RHB Warren Martin
|
0-0: Ball 1-0: Swinging Strike 1-1: Fly out, F5 (Popup, 5)
|
Batting: SHB Anastasio Ortíz
|
0-0: Ball 1-0: Fly out, F6 (Popup, 6MD)
|
Bottom of the 1st over - 0 run(s), 0 hit(s), 0 error(s), 0 left on base; Trenton 0 - Birmingham 0 |
TOP OF THE 2ND |
Trenton Stars batting - Pitching for Birmingham Barons : RHP Michael Young
|
Batting: RHB Jonas Uttley
|
0-0: Ball 1-0: SINGLE (Line Drive, 6MD)
|
Batting: RHB Clancy Booker
|
0-0: Ball 1-0: Ball 2-0: Ball Wild Pitch! Jonas Uttley to second 3-0: Ground out 3-1 (Groundball, 34) Jonas Uttley to third
|
Batting: LHB Gerardo Guzmán
|
0-0: Ball 1-0: Foul Ball, location: 2F 1-1: Swinging Strike 1-2: Strikes out swinging
|
Batting: RHB Gabriel Villegas
|
0-0: Called Strike 0-1: Called Strike 0-2: Ball 1-2: Ball 2-2: Ground out 5-3 (Groundball, 5)
|
Top of the 2nd over - 0 run(s), 1 hit(s), 0 error(s), 1 left on base; Trenton 0 - Birmingham 0 |
BOTTOM OF THE 2ND |
Birmingham Barons batting - Pitching for Trenton Stars : RHP Juan Aguilar
|
Batting: RHB Jean-Paul St-Pierre
|
0-0: Ball 1-0: Ball 2-0: Ball 3-0: Called Strike 3-1: SINGLE (Groundball, 3D)
|
Batting: RHB Vicente Elías
|
0-0: Ball 1-0: Ball 2-0: Called Strike 2-1: Ball 3-1: Foul Ball, location: 2F 3-2: Base on Balls Jean-Paul St-Pierre to second
|
Batting: RHB Peyton Yardley
|
0-0: Ball 1-0: Ball 2-0: Ball 3-0: Base on Balls Jean-Paul St-Pierre to third Vicente Elías to second
|
Batting: RHB Dave Dawson
|
0-0: Fly out, F9 (Line Drive, 89S) Runner from 3rd tags up, SCORES, no throw
|
Batting: RHB José Carlos Caraballo
|
0-0: Swinging Strike 0-1: Ball 1-1: Called Strike 1-2: Fly out, F9 (Line Drive, 9)
|
Batting: RHB David Raymos
|
0-0: Ball 1-0: Ball 2-0: Ball 3-0: Base on Balls Vicente Elías to third Peyton Yardley to second
|
Batting: LHB Al Gaines
|
0-0: SINGLE (Line Drive, 34D) Vicente Elías scores Peyton Yardley to third David Raymos to second Runner from 3rd tries for Home, SAFE, no throw
|
Batting: RHB Warren Martin
|
0-0: Foul Ball, location: 2F 0-1: Ball 1-1: Ball 2-1: Ground out 1-3 (Groundball, P)
|
Bottom of the 2nd over - 3 run(s), 2 hit(s), 0 error(s), 2 left on base; Trenton 0 - Birmingham 3 |
TOP OF THE 3RD |
Trenton Stars batting - Pitching for Birmingham Barons : RHP Michael Young
|
Batting: RHB Ángel Garza
|
0-0: Called Strike 0-1: Foul Ball, location: 2F 0-2: Foul Ball, location: 2F 0-2: Ball 1-2: Strikes out looking
|
Batting: RHB Roberto Chávez
|
0-0: Ball 1-0: Ball 2-0: Called Strike 2-1: Fly out, F8 (Line Drive, 8LD)
|
Batting: SHB Nick Marshall
|
0-0: Ball 1-0: Swinging Strike 1-1: Called Strike 1-2: Strikes out swinging
|
Top of the 3rd over - 0 run(s), 0 hit(s), 0 error(s), 0 left on base; Trenton 0 - Birmingham 3 |
BOTTOM OF THE 3RD |
Birmingham Barons batting - Pitching for Trenton Stars : RHP Juan Aguilar
|
Batting: SHB Anastasio Ortíz
|
0-0: Called Strike 0-1: Swinging Strike 0-2: SINGLE (Flyball, 7LS)
|
Batting: RHB Jean-Paul St-Pierre
|
0-0: Called Strike 0-1: Fly out, F9 (Flyball, 9S)
|
Batting: RHB Vicente Elías
|
0-0: Ball 1-0: Ball 2-0: Foul Ball, location: 2F 2-1: Swinging Strike 2-2: DOUBLE (Line Drive, 78D) Anastasio Ortíz to third Anastasio Ortíz scores
|
Batting: RHB Peyton Yardley
|
0-0: Swinging Strike 0-1: Ball 1-1: Ball 2-1: Ball 3-1: Called Strike 3-2: Strikes out swinging
|
Batting: RHB Dave Dawson
|
0-0: SINGLE (Groundball, 4MD) Vicente Elías to third Runner from 3rd tries for Home, SAFE, no throw
|
Batting: RHB José Carlos Caraballo
|
0-0: Ball 1-0: Fielders Choice at 2nd, 6-4 (Groundball, 6)
|
Bottom of the 3rd over - 2 run(s), 3 hit(s), 0 error(s), 0 left on base; Trenton 0 - Birmingham 5 |
TOP OF THE 4TH |
Trenton Stars batting - Pitching for Birmingham Barons : RHP Michael Young
|
Batting: RHB Chris Cole
|
0-0: Ball 1-0: Ground out 6-3 (Groundball, 56)
|
Batting: RHB Rafael Canales
|
0-0: Fly out, F9 (Line Drive, 89M)
|
Batting: RHB Jonas Uttley
|
0-0: Foul Ball, location: 2F 0-1: Swinging Strike 0-2: Ball 1-2: Strikes out swinging
|
Top of the 4th over - 0 run(s), 0 hit(s), 0 error(s), 0 left on base; Trenton 0 - Birmingham 5 |
BOTTOM OF THE 4TH |
Birmingham Barons batting - Pitching for Trenton Stars : RHP Juan Aguilar
|
Batting: RHB David Raymos
|
0-0: Called Strike 0-1: Ball 1-1: Ball 2-1: Called Strike 2-2: Ball 3-2: Strikes out swinging
|
Batting: LHB Al Gaines
|
0-0: Ball 1-0: Ball 2-0: Foul Ball, location: 2F 2-1: Fly out, F9 (Flyball, 9LM)
|
Batting: RHB Warren Martin
|
0-0: Ball 1-0: Called Strike 1-1: Ball 2-1: Ball 3-1: Foul Ball, location: 2F 3-2: SINGLE (Flyball, 9LM)
|
Batting: SHB Anastasio Ortíz
|
0-0: Foul Ball, location: 2F 0-1: Ball 1-1: Ground out 5-3 (Groundball, 56S)
|
Bottom of the 4th over - 0 run(s), 1 hit(s), 0 error(s), 1 left on base; Trenton 0 - Birmingham 5 |
TOP OF THE 5TH |
Trenton Stars batting - Pitching for Birmingham Barons : RHP Michael Young
|
Batting: RHB Clancy Booker
|
0-0: Ball 1-0: Swinging Strike 1-1: Foul Ball, location: 2F 1-2: Ball 2-2: SOLO HOME RUN (Flyball, 7LD), Distance : 470 ft
|
Batting: LHB Gerardo Guzmán
|
0-0: Called Strike 0-1: Ball 1-1: Ball 2-1: Ball 3-1: Swinging Strike 3-2: Base on Balls
|
Batting: RHB Gabriel Villegas
|
0-0: Called Strike 0-1: Called Strike 0-2: Ball 1-2: Foul Ball, location: 2F 1-2: Foul Ball, location: 2F 1-2: Fly out, F8 (Flyball, 8LS)
|
Batting: RHB Ángel Garza
|
0-0: Called Strike 0-1: Swinging Strike Balk! Gerardo Guzmán to second 0-2: Ball 1-2: Foul Ball, location: 2F 1-2: Strikes out swinging
|
Batting: RHB Roberto Chávez
|
0-0: Fly out, F8 (Flyball, 8LM)
|
Top of the 5th over - 1 run(s), 1 hit(s), 0 error(s), 1 left on base; Trenton 1 - Birmingham 5 |
BOTTOM OF THE 5TH |
Birmingham Barons batting - Pitching for Trenton Stars : RHP Juan Aguilar
|
Pitching: RHP Bartolo Rodríguez
|
|
Batting: RHB Jean-Paul St-Pierre
|
0-0: Foul Ball, location: 2F 0-1: Ball 1-1: Swinging Strike 1-2: Ball 2-2: Strikes out looking
|
Batting: RHB Vicente Elías
|
0-0: Ball 1-0: Called Strike 1-1: Ground out U3 (Groundball, 3L)
|
Batting: RHB Peyton Yardley
|
0-0: Ball 1-0: Foul Ball, location: 2F 1-1: Ball 2-1: Fly out, F6 (Line Drive, 6M)
|
Bottom of the 5th over - 0 run(s), 0 hit(s), 0 error(s), 0 left on base; Trenton 1 - Birmingham 5 |
TOP OF THE 6TH |
Trenton Stars batting - Pitching for Birmingham Barons : RHP Michael Young
|
Batting: SHB Nick Marshall
|
0-0: Swinging Strike 0-1: Ball 1-1: Ball 2-1: Foul Ball, location: 2F 2-2: Strikes out swinging
|
Batting: RHB Chris Cole
|
0-0: Ball 1-0: Foul Ball, location: 2F 1-1: Ball 2-1: SINGLE (Groundball, 6MD)
|
Batting: RHB Rafael Canales
|
0-0: Called Strike 0-1: Ball 1-1: Ball Wild Pitch! Chris Cole to second 2-1: SINGLE (Line Drive, 4MD) Chris Cole to third
|
Batting: RHB Jonas Uttley
|
0-0: SINGLE (Groundball, 34D) Chris Cole scores Rafael Canales to second Runner from 2nd tries for 3rd, SAFE, throw made to third
|
Batting: RHB Clancy Booker
|
0-0: Fly out, F6 (Popup, 6D)
|
Batting: LHB Gerardo Guzmán
|
0-0: Ball 1-0: Fly out, F8 (Flyball, 8LM)
|
Top of the 6th over - 1 run(s), 3 hit(s), 0 error(s), 2 left on base; Trenton 2 - Birmingham 5 |
BOTTOM OF THE 6TH |
Birmingham Barons batting - Pitching for Trenton Stars : RHP Bartolo Rodríguez
|
Batting: RHB Dave Dawson
|
0-0: Ball 1-0: Ball 2-0: Called Strike 2-1: Ball 3-1: Fly out, F9 (Flyball, 9LS)
|
Batting: RHB José Carlos Caraballo
|
0-0: Foul Ball, location: 2F 0-1: Called Strike 0-2: Strikes out swinging
|
Batting: RHB David Raymos
|
0-0: Ball 1-0: Ground out 6-3 (Groundball, 6M)
|
Bottom of the 6th over - 0 run(s), 0 hit(s), 0 error(s), 0 left on base; Trenton 2 - Birmingham 5 |
TOP OF THE 7TH |
Trenton Stars batting - Pitching for Birmingham Barons : RHP Michael Young
|
Batting: RHB Gabriel Villegas
|
0-0: Ball 1-0: Swinging Strike 1-1: Ball 2-1: Swinging Strike 2-2: Foul Ball, location: 2F 2-2: Ball 3-2: Foul Ball, location: 2F 3-2: Foul Ball, location: 2F 3-2: Foul Ball, location: 2F 3-2: Strikes out looking
|
Batting: RHB Ángel Garza
|
0-0: Called Strike 0-1: Foul Ball, location: 2F 0-2: Foul Ball, location: 2F 0-2: Strikes out swinging
|
Batting: RHB Roberto Chávez
|
0-0: Called Strike 0-1: Ground out 5-3 (Groundball, 56)
|
Top of the 7th over - 0 run(s), 0 hit(s), 0 error(s), 0 left on base; Trenton 2 - Birmingham 5 |
BOTTOM OF THE 7TH |
Birmingham Barons batting - Pitching for Trenton Stars : RHP Bartolo Rodríguez
|
Batting: LHB Al Gaines
|
0-0: Ball 1-0: Swinging Strike 1-1: Called Strike 1-2: Foul Ball, location: 2F 1-2: Strikes out swinging
|
Batting: RHB Warren Martin
|
0-0: Called Strike 0-1: Foul Ball, location: 2F 0-2: SOLO HOME RUN (Flyball, 7LD), Distance : 341 ft
|
Batting: SHB Anastasio Ortíz
|
0-0: Ball 1-0: Foul Ball, location: 2F 1-1: Fly out, F4 (Popup, 4MD)
|
Batting: RHB Jean-Paul St-Pierre
|
0-0: Called Strike 0-1: Ground out 6-3 (Groundball, 6)
|
Bottom of the 7th over - 1 run(s), 1 hit(s), 0 error(s), 0 left on base; Trenton 2 - Birmingham 6 |
TOP OF THE 8TH |
Trenton Stars batting - Pitching for Birmingham Barons : RHP Michael Young
|
Pitching: RHP Guillermo Lozano
|
|
Batting: SHB Nick Marshall
|
0-0: SINGLE (Groundball, 56S) (infield hit)
|
Batting: RHB Chris Cole
|
0-0: SINGLE (Groundball, 4MD) Nick Marshall to second
|
Batting: RHB Rafael Canales
|
0-0: Swinging Strike 0-1: Ball 1-1: Fly out, F7 (Flyball, 7S)
|
Batting: RHB Jonas Uttley
|
0-0: Called Strike 0-1: Ball 1-1: Ball 2-1: Foul Ball, location: 2F 2-2: Strikes out swinging
|
Batting: RHB Clancy Booker
|
0-0: Swinging Strike 0-1: Ball 1-1: Foul Ball, location: 2F 1-2: Strikes out looking
|
Top of the 8th over - 0 run(s), 2 hit(s), 0 error(s), 2 left on base; Trenton 2 - Birmingham 6 |
BOTTOM OF THE 8TH |
Birmingham Barons batting - Pitching for Trenton Stars : RHP Bartolo Rodríguez
|
Batting: RHB Vicente Elías
|
0-0: Swinging Strike 0-1: DOUBLE (Line Drive, 78D)
|
Batting: RHB Peyton Yardley
|
0-0: Swinging Strike 0-1: Fly out, F9 (Flyball, 9)
|
Batting: RHB Dave Dawson
|
0-0: Ball 1-0: Swinging Strike 1-1: Ball 2-1: Called Strike 2-2: Ball 3-2: Fly out, F8 (Flyball, 8LS)
|
Batting: RHB José Carlos Caraballo
|
0-0: Called Strike 0-1: Ground out 5-3 (Groundball, 56)
|
Bottom of the 8th over - 0 run(s), 1 hit(s), 0 error(s), 1 left on base; Trenton 2 - Birmingham 6 |
TOP OF THE 9TH |
Trenton Stars batting - Pitching for Birmingham Barons : RHP Guillermo Lozano
|
Pitching: RHP Gabriel Oliuo
|
|
Batting: LHB Gerardo Guzmán
|
0-0: Called Strike 0-1: Ball 1-1: Ball 2-1: Foul Ball, location: 2F 2-2: Ball 3-2: Strikes out swinging
|
Batting: RHB Gabriel Villegas
|
0-0: Ball 1-0: Foul Ball, location: 2F 1-1: Foul Ball, location: 2F 1-2: Foul Ball, location: 2F 1-2: Foul Ball, location: 2F 1-2: Ball 2-2: Ball 3-2: Foul Ball, location: 2F 3-2: DOUBLE (Line Drive, 78D)
|
Batting: RHB Ángel Garza
|
0-0: Ball 1-0: Called Strike 1-1: Called Strike 1-2: Foul Ball, location: 2F 1-2: Strikes out swinging
|
Batting: RHB Roberto Chávez
|
0-0: Swinging Strike 0-1: Ball 1-1: Foul Ball, location: 2F 1-2: Foul Ball, location: 2F 1-2: Ball 2-2: Strikes out swinging
|
Top of the 9th over - 0 run(s), 1 hit(s), 0 error(s), 1 left on base; Trenton 2 - Birmingham 6 |
|